 Dungeon Crawl Stone Soup version 0.25.1-9-gc5326a611f (webtiles) character file.

Game seed: 9747780933018878319

69 pokeman the Magician (level 4, -3/25 HPs)
             Began as a Deep Elf Wizard on Jan 2, 2021.
             Slain by a goblin (4 damage)
             ... led by Robin
             ... on level 2 of the Dungeon.
             The game lasted 00:05:31 (1920 turns).

pokeman the Magician (Deep Elf Wizard)              Turns: 1920, Time: 00:05:31

Health: -3/25      AC:  3    Str:  4    XL:     4   Next: 2%
Magic:  7/13       EV: 11    Int: 24    God:
Gold:   54         SH:  0    Dex: 13    Spells: 3/14 levels left

rFire    + . .     SeeInvis .   i - +1 short sword (venom)
rCold    x . .     Gourm    .   (no shield)
rNeg     . . .     Faith    .   n - +0 leather armour (curse)
rPois    .         Spirit   .   b - +0 hat
rElec    .         Reflect  .   (no cloak)
rCorr    .         Harm     .   (no gloves)
MR       .....                  (no boots)
Stlth    ++........             (no amulet)
HPRegen  0.08/turn              c - ring of fire
MPRegen  0.13/turn              (no ring)

@: no status effects
A: no striking features
a: no special abilities


You were on level 2 of the Dungeon.
You were not hungry.

You visited 1 branch of the dungeon, and saw 2 of its levels.

You collected 54 gold pieces.

Inventory:

Hand Weapons
 i - a +1 short sword of venom (weapon)
Missiles
 j - 14 arrows
Armour
 b - a +0 hat (worn)
 n - a cursed +0 leather armour (worn)
Jewellery
 c - a ring of fire (left hand)
Scrolls
 e - 3 scrolls of identify {unknown}
 g - a scroll of remove curse {unknown}
 h - a scroll of immolation {unknown}
 k - a scroll of amnesia {unknown}
 m - a scroll of noise {unknown}
Potions
 f - a potion of curing {unknown}
 l - a potion of invisibility {unknown}
 o - a potion of flight {unknown}
Comestibles
 a - 2 chunks of flesh
 d - a ration


   Skills:
 - Level 1.0 Fighting
 - Level 1.0 Armour
 + Level 2.5 Dodging
 - Level 2.4 Stealth
 * Level 5.5 Spellcasting
 + Level 2.0 Conjurations
 - Level 1.1 Summonings
 - Level 1.1 Translocations
 + Level 0.4 Fire Magic


You had 3 spell levels left.
You knew the following spells:

 Your Spells              Type           Power        Failure   Level  Hunger
a - Magic Dart            Conj           ###.         6%          1    None
b - Mephitic Cloud        Conj/Pois/Air  #.......     32%         3    #......
c - Call Imp              Summ           ##......     14%         2    None
d - Blink                 Tloc           N/A          14%         2    None
e - Conjure Flame         Conj/Fire      ###.....     26%         3    #......

Your spell library contained the following spells:

 Spells                   Type           Power        Failure   Level  Hunger
 Slow                     Hex            #.......     22%         2    None


Dungeon Overview and Level Annotations

Branches:
Dungeon (2/15)

Altars:

Annotations:
D:2 Robin


Message History

The hobgoblin hits you with a cursed -3 club.
* * * LOW HITPOINT WARNING * * *
The hobgoblin no longer looks unusually strong.
The goblin no longer looks unusually strong.
Robin roars a battlecry!
The goblins go into a battle-frenzy!
Some of the chunks of flesh in your inventory have rotted away.
Robin roars a battlecry!
Your magical contamination has completely faded away.
The hobgoblin no longer looks unusually strong.
Robin roars a battlecry!
The hobgoblin goes into a battle-frenzy!
Robin throws the goblin at you!
* * * LOW HITPOINT WARNING * * *
You hit the goblin.
The goblin is severely wounded.
The goblin hits you but does no damage. The goblin closely misses you.
Robin throws the goblin at you! The goblin hits you.
You die...

##....###...........).....###...
#..##......####...........# #...
#.#.........# ##..........# ##..
##.#....<....# #..........# #..
#..#.........# ##..........####..
#.##.........###................#
..............##g...g.g.....#####
..##...........gg##.######g..##
### ########.###@...# ##...## #
#.........# #.#..## #..........#
#.##gg. #........#.# ..#####
#.........#... ..## #
#.........#### ## ...######### .
... ..


You could see a hobgoblin (strong) and 2 goblins.

Vanquished Creatures
  An adder (D:2)
  A dart slug (D:2)
  2 leopard geckos
  6 bats (D:1)
  4 giant cockroaches (D:1)
  7 goblins
  5 hobgoblins
  11 jackals
  2 kobolds (D:1)
  2 frilled lizards (D:1)
  6 rats
47 creatures vanquished.

Notes
Turn   | Place    | Note
-------+----------+-------------------------------------------
     0 | D:1      | pokeman the Deep Elf Wizard began the quest for the Orb.
     0 | D:1      | Reached XP level 1. HP: 10/10 MP: 7/7
    19 | D:1      | Noticed a minotaur skeleton
   222 | D:1      | Reached XP level 2. HP: 11/15 MP: 5/9
   752 | D:1      | Reached skill level 5 in Spellcasting
  1263 | D:1      | Reached XP level 3. HP: 20/20 MP: 7/11
  1269 | D:1      | Learned a level 3 spell: Mephitic Cloud
  1272 | D:1      | Learned a level 2 spell: Call Imp
  1275 | D:1      | Learned a level 2 spell: Blink
  1279 | D:1      | Learned a level 3 spell: Conjure Flame
  1556 | D:2      | Reached skill level 1 in Fighting
  1637 | D:2      | Reached skill level 1 in Armour
  1886 | D:2      | Noticed Robin
  1890 | D:2      | Reached XP level 4. HP: 12/25 MP: 4/13
  1917 | D:2      | HP: 1/25 [Robin/goblin (2)]
  1920 | D:2      | Slain by a goblin

Illustrated notes

Levels and vault maps discovered:
D:1:      shiori_arrival_whats_in_store_for_you, layout_loops_corners,
          minmay_cut_off
D:2:      layout_rooms, lemuel_coloured_pillars_altar, uniq_robin

Skill      XL: |  1  2  3 |
---------------+----------+-----
Spellcasting   | 5 |  5.5
Fighting       | 1 |  1.0
Armour         | 1 |  1.0
Conjurations   | 2 |  2.0
Dodging        | |  2.5
Stealth        | |  2.4
Summonings     | |  1.1
Translocations | |  1.1
Fire Magic     | |  0.4

Action                   |  1- 3 |  4- 6 || total
-------------------------+-------+-------++-------
Melee: Unarmed           |    10 |       ||    10
       Short sword       |    18 |     7 ||    25
 Cast: Magic Dart        |   102 |     1 ||   103
  Eat: Chunk             |     3 |       ||     3
Armor: Robe              |     7 |       ||     7
       Leather armour    |    10 |     1 ||    11
Dodge: Dodged            |    40 |     5 ||    45
